 Dungeon Crawl Stone Soup version 0.30-a0-847-g17996783a1 (webtiles) character file.

Game seed: 2502966348850357485

587 cforsyth the Sneak (level 7, 0/44 HPs)
             Began as a Kobold Brigand on Mar 4, 2023.
             Blown up by Pikel (17 damage)
             ... with a mindburst bolt
             ... on level 4 of the Dungeon.
             The game lasted 00:04:25 (4259 turns).

cforsyth the Sneak (Kobold Brigand)                 Turns: 4259, Time: 00:04:25

Health: 0/44       AC:  5    Str:  8    XL:     7   Next: 65%
Magic:  7/7        EV: 17    Int: 13    God:
Gold:   286        SH:  0    Dex: 18    Spells: 6/6 levels left

rFire   . . .      SeeInvis .    w - +0 dagger (freeze)
rCold   . . .      Faith    .    (no shield)
rNeg    . . .      Spirit   .    f - +2 robe {Archmagi}
rPois   +          Reflect  .    (no helmet)
rElec   .          Rampage  .    c - +0 cloak
rCorr   .          Archmagi +    (no gloves)
Will    .....                    (no boots)
Stlth   +++++                    (no amulet)
HPRegen 0.27/turn                k - +4 ring of slaying
MPRegen 0.10/turn                p - ring of poison resistance

@: about to teleport
A: small, no large weapons, nightstalker 3
a: no special abilities


You were on level 4 of the Dungeon.
You visited 1 branch of the dungeon, and saw 5 of its levels.

You collected 286 gold pieces.

Inventory:

Hand Weapons
 a - a +2 dagger
 w - a +0 dagger of freezing (weapon)
 C - a +0 rapier
Missiles
 d - 14 poisoned darts (quivered)
 e - 3 curare-tipped darts
 s - 5 datura-tipped darts
 z - a throwing net
Armour
 b - a +0 robe
 c - a +0 cloak (worn)
 f - a +2 robe of the Archmagi (worn)
Jewellery
 k - a +4 ring of slaying (left hand)
 p - a ring of poison resistance (right hand)
 q - a ring of protection from cold
 x - a ring of fire
Wands
 D - a wand of light (10)
Scrolls
 g - 2 scrolls of fog {unknown}
 l - a scroll of silence {unknown}
 m - 2 scrolls of identify
 n - 3 scrolls of noise
 o - 2 scrolls of amnesia
 r - 2 scrolls of acquirement {unknown}
 t - 2 scrolls of teleportation
 u - a scroll of enchant armour {unknown}
 v - a scroll of summoning {unknown}
 y - a scroll of vulnerability {unknown}
 A - a scroll of enchant weapon {unknown}
 B - 3 scrolls of magic mapping {unknown}
Potions
 h - a potion of flight {unknown}
 i - a potion of cancellation {unknown}
 j - a potion of lignification {unknown}


   Skills:
 + Level 4.7 Fighting
 + Level 5.6 Short Blades
 - Level 2.1 Throwing
 + Level 4.5 Dodging
 + Level 7.6 Stealth


You had 6 spell levels left.
You didn't know any spells.
Your spell library was empty.

Dungeon Overview and Level Annotations

Branches:
Dungeon (5/15)
 Temple: D:4-7

Altars:
Ashenzari
Fedhas
Kikubaaqudgha
Makhleb
Trog

Annotations:
D:4 Pikel


Innate Abilities, Weirdness & Mutations

You are small and have problems with some larger weapons.
You are completely attuned to the shadows.


Message History

That felt strangely unrewarding.
No target in view!
No target in view!
No target in view!
No target in view!
You start resting.
HP restored.
You start waiting.
Done waiting.
You climb downwards.
Level annotation: Pikel Pikel zaps a wand.
You struggle to resist.
There is a stone staircase leading up here.
Pikel zaps a wand.
Your mind is blasted!
You climb upwards.
There is a stone staircase leading down here.
Pikel hits you with a +1 whip of freezing!
Pikel freezes you.
You hit Pikel. You freeze Pikel.
Pikel is moderately wounded.
Pikel says, "I knew I should've brought a map."
Pikel closely misses you.
Okay, then.
As you read the scroll labelled VALYIRH FEMUTY, it crumbles to dust.
You hear a loud clanging noise!
It was a scroll of noise.
Pikel barely misses you.
As you read the scroll labelled REASSA HURRUH, it crumbles to dust.
It is a scroll of amnesia.
You feel forgetful for a moment.
Pikel hits you with a +1 whip of freezing.
Pikel freezes you.
As you read the scroll labelled ACO YTAREQI, it crumbles to dust.
It is a scroll of identify.
t - 3 scrolls of teleportation Pikel misses you.
As you read the scroll of teleportation, it crumbles to dust.
You feel strangely unstable. Pikel barely misses you.
Pikel attacks as you move away! Pikel closely misses you.
Pikel zaps a wand.
Your mind is blasted!
You die...

.........# #.).#......+_#....#
########.# #.###.########....#
#.....#.# #.# #.....#.......#
####..##.####.#########.......###
......#...........# #..........
####.##..####.###.#####......####
.....##..# #.# #................
.######..####.###############..##
.##.............@.>#...#.........
.##.###..####...##K#.#.##..##..##
.##...#.....#...##.#........#....
....#..#.##.#...#..............##
....##.#...........#.............
.....#.####.##.##.##.....#...##.#
...#.#.####.##.##........#.......
.....#...........................
...###....####..≈≈≈≈.._..≈≈≈≈..##


You could see Pikel.

Vanquished Creatures
  A lemure (D:4)
  3 scorpions
  2 hounds (D:4)
  2 jellies
  An iguana (D:4)
  A gnoll bouda (D:2)
  2 sleepcaps (D:4)
  3 adders
  6 gnolls
  2 ufetubi (D:5)
  2 worms (D:3)
  3 dart slugs
  5 orcs (D:3)
  8 bats
  6 endoplasms
  6 giant cockroaches
  7 goblins
  9 hobgoblins
  6 kobolds
  4 quokkas
  3 ball pythons
  A frilled lizard (D:3)
  6 rats (D:1)
89 creatures vanquished.

Notes
Turn   | Place    | Note
-------+----------+-------------------------------------------
     0 | D:1      | cforsyth the Kobold Brigand began the quest for the Orb.
     0 | D:1      | Reached XP level 1. HP: 12/12 MP: 1/1
    80 | D:1      | Reached XP level 2. HP: 18/18 MP: 2/2
   289 | D:1      | Reached XP level 3. HP: 21/22 MP: 3/3
   712 | D:1      | Reached XP level 4. HP: 27/27 MP: 4/4
   956 | D:2      | Reached skill level 6 in Stealth
  1428 | D:2      | You fall into a shaft and drop 1 floor!
  1623 | D:3      | Found a blossoming altar of Fedhas.
  1659 | D:3      | Reached XP level 5. HP: 32/32 MP: 5/5
  2655 | D:3      | Found a bloodstained altar of Trog.
  2655 | D:3      | Found a burning altar of Makhleb.
  3110 | D:4      | Reached XP level 6. HP: 35/38 MP: 6/6
  3315 | D:4      | Found an ancient bone altar of Kikubaaqudgha.
  3354 | D:4      | Reached skill level 7 in Stealth
  3435 | D:4      | Reached skill level 5 in Short Blades
  3435 | D:4      | Reached XP level 7. HP: 37/43 MP: 7/7
  3804 | D:4      | Found a broken altar of Ashenzari.
  3955 | D:5      | Entered Level 5 of the Dungeon
  4103 | D:5      | Noticed Pikel
  4259 | D:4      | Blown up by Pikel

Illustrated notes

Levels and vault maps discovered:
D:1:      dpeg_arrival_pits, layout_basic
D:2:      layout_loops_ring
D:3:      layout_basic, mainiacjoe_overflow_six_doors_small,
          nicolae_overflow_two_pavilions, kennysheep_nub, minmay_misc_feat_cross
D:4:      layout_basic, mainiacjoe_overflow_boulevard,
          ashenzari_conservatory_becter, kennysheep_doodads,
          ebering_dispersal_statue_hall
D:5:      layout_rooms, corexii_item_surrounded_by_moat, uniq_pikel

Skill      XL: |  1  2  3  4  5  6 |
---------------+-------------------+-----
Short Blades   | 3 4 5 |  5.6
Dodging        | 2 3 4 |  4.5
Fighting       | 3 4 |  4.7
Stealth        | 6 7 |  7.6
Throwing       | |  2.1

Action                     |  1- 3 |  4- 6 |  7- 9 || total
---------------------------+-------+-------+-------++-------
  Melee: Dagger            |    69 |   123 |    53 ||   245
         Punch             |       |       |     1 ||     1
    Use: Scroll            |       |       |     4 ||     4
   Stab: Sleeping          |    17 |    22 |     9 ||    48
         Distracted        |       |     3 |       ||     3
 Armour: Robe              |    21 |     9 |     5 ||    35
  Dodge: Dodged            |    67 |    52 |    34 ||   153

Table legend: (Time is in decaauts)
 A = Elapsed time spent in this place.
 B = Non-inter-level travel time spent in this place.
 C = Inter-level travel time spent in this place.
 D = Time resting spent in this place.
 E = Time spent auto-exploring this place.
 F = Levels seen in this place.
 G = Mean time per level.
                   A        B        C        D        E       F      G
               +--------+--------+--------+--------+--------+-----+--------+
         Total |   4210 |   4059 |    151 |    385 |   3056 |   5 |  842.0 |
       Dungeon |   4210 |   4059 |    151 |    385 |   3056 |   5 |  842.0 |
               +--------+--------+--------+--------+--------+-----+--------+

Top non-repeatable levels by time:
     D:3: 1190 daAuts
     D:4: 995 daAuts
     D:1: 935 daAuts
     D:2: 922 daAuts
     D:5: 166 daAuts
